 Dungeon Crawl Stone Soup version 0.29-a0-541-gaf1fc19f1b (webtiles) character file.

Game seed: 3030986112380430456

35 zishaf the Ducker (level 3, -1/29 HPs)
             Began as a Demigod Wanderer on June 2, 2022.
             Slain by Sigmund
             ... wielding a +0 scythe
              (9 damage)
             ... on level 2 of the Dungeon.
             The game lasted 00:03:26 (2300 turns).

zishaf the Ducker (Demigod Wanderer)                Turns: 2300, Time: 00:03:27

Health: -1/29      AC:  3    Str: 12    XL:     3   Next: 4%
Magic:  8/8        EV: 12    Int: 17    God:
Gold:   56         SH:  0    Dex: 15    Spells: 6/6 levels left

rFire   . . .      SeeInvis .   a - +0 dagger
rCold   . . .      Faith    .   (no shield)
rNeg    . . .      Spirit   .   c - +0 robe
rPois   .          Reflect  .   (no helmet)
rElec   .          Harm     .   e - scarf {repulsion}
rCorr   .          Rampage  .   d - +0 pair of gloves
Will    .....      Rnd*Tele +   (no boots)
Stlth   +.........              (no amulet)
HPRegen 0.09/turn               (no ring)
MPRegen 0.11/turn               (no ring)

@: hasted, repel missiles, very quick
A: high MP 1, forlorn, divine attributes, teleportitis 1
a: no special abilities


You were on level 2 of the Dungeon.
You visited 1 branch of the dungeon, and saw 2 of its levels.

You collected 56 gold pieces.

Inventory:

Hand Weapons
 a - a +0 dagger (weapon)
Armour
 c - a +0 robe (worn)
 d - a +0 pair of gloves (worn)
 e - a scarf of repulsion (worn)
Scrolls
 h - a scroll of enchant armour {unknown}
 j - a scroll of fear {unknown}
 k - a scroll of teleportation {unknown}
 l - a scroll of immolation {unknown}
 m - 2 scrolls of identify {unknown}
Potions
 f - a potion of mutation
 g - a potion of curing {unknown}
 i - a potion of degeneration {unknown}


   Skills:
 + Level 1.9 Fighting
 - Level 2.6 Dodging
 - Level 2.0 Spellcasting
 - Level 2.0 Hexes
 + Level 2.4 Translocations


You had 6 spell levels left.
You didn't know any spells.
Your spell library contained the following spells:

 Spells                   Type           Power      Damage    Failure   Level
 Apportation              Tloc           20%        N/A       7%          1
 Slow                     Hex            32%        N/A       9%          1
 Lesser Beckoning         Tloc           10%        N/A       22%         3
 Portal Projectile        Hex/Tloc       18%        N/A       24%         3
 Sublimation of Blood     Necr           1%         N/A       28%         2
 Leda's Liquefaction      Hex/Erth       2%         N/A       77%         4
 Petrify                  Tmut/Erth      1%         N/A       88%         4
 Irradiate                Conj/Tmut      0%         3d13      99%         5


Dungeon Overview and Level Annotations

Branches:
Dungeon (2/15)

Annotations:
D:2 Sigmund


Innate Abilities, Weirdness & Mutations

You have an increased reservoir of magic. (+10% MP)
You shall have no god before yourself.
Your divine heritage dramatically boosts your attributes as you level up.
You are occasionally teleported next to monsters.


Message History

The giant cockroach misses you.
You have reached level 3!
Your experience leads to a dramatic increase in your attributes!
Increase (S)trength, (I)ntelligence, or (D)exterity?
You feel clever. x4
You hit the giant cockroach.
The giant cockroach is heavily wounded.
The giant cockroach closely misses you.
You barely miss the giant cockroach.
The giant cockroach is heavily wounded.
The giant cockroach bites you.
You closely miss the giant cockroach.
The giant cockroach is heavily wounded.
The giant cockroach bites you.
The giant cockroach bites you but does no damage.
You hit the giant cockroach.
The giant cockroach is severely wounded.
The giant cockroach barely misses you.
You barely miss the giant cockroach.
The giant cockroach is severely wounded.
The giant cockroach bites you but does no damage.
You closely miss the giant cockroach.
The giant cockroach is severely wounded.
The giant cockroach closely misses you.
You hit the giant cockroach.
You kill the giant cockroach!
No target in view!
No target in view!
You see here a +0 chain mail.
Sigmund the Dreaded comes into view.
He is wielding a +0 scythe.
Sigmund shouts!
Sigmund hits you from afar with a +0 scythe!
You hit Sigmund but do no damage. Sigmund hits you with a +0 scythe!
* * * LOW HITPOINT WARNING * * *
You feel yourself speed up. Sigmund closely misses you.
It was a potion of mutation.
You feel extremely strange.
You feel weirdly uncertain.
You completely miss Sigmund. You closely miss Sigmund.
Sigmund hits you with a +0 scythe!
You die...

#.###...... #. ...
#.#.### #. .## #.#.# #.
# #.#.# #.# ###
######.#+## .. ..
...........## #.
.#########.....#
#@#...## ##<......
.#####.@....####..).....
...............+......†.
.######.....####........
#.##..# ##....... #.#
..# ##.....# #.##..#
##...## #.#...# ##'##
#.#.#.# #.# #.#.#.#
#.###


You could see Sigmund.

Vanquished Creatures
  A dart slug (D:2)
  A bat (D:2)
  An endoplasm (D:1)
  A giant cockroach (D:2)
  2 goblins (D:1)
  3 hobgoblins (D:1)
  3 jackals (D:2)
  A quokka (D:1)
  A ball python (D:1)
  A frilled lizard (D:1)
  12 kobolds
  4 rats (D:1)
31 creatures vanquished.

Vanquished Creatures (others)
  5 plants (D:1)
5 creatures vanquished.

Grand Total: 36 creatures vanquished

Notes
Turn   | Place    | Note
-------+----------+-------------------------------------------
     0 | D:1      | zishaf the Demigod Wanderer began the quest for the Orb.
     0 | D:1      | zishaf set off with the following items: a +0 dagger, a
                  | potion of haste, a +0 robe, a +0 pair of gloves; and the
                  | following spells available to memorise: Apportation, Slow,
                  | Lesser Beckoning, Portal Projectile, Leda's Liquefaction
     0 | D:1      | Reached XP level 1. HP: 16/16 MP: 5/5
   792 | D:1      | Reached XP level 2. HP: 19/23 MP: 7/7
  2245 | D:2      | Reached XP level 3. HP: 29/29 MP: 8/8
  2289 | D:2      | Noticed Sigmund
  2298 | D:2      | Gained mutation: You are occasionally teleported next to
                  | monsters. [potion of mutation]
  2300 | D:2      | Slain by Sigmund

Illustrated notes

Levels and vault maps discovered:
D:1:      shiori_shiawase, layout_basic, serial_forest,
          infiniplex_forest_lined_2, infiniplex_forest_end_2,
          infiniplex_forest_clump_curved, infiniplex_forest_clump_double,
          shapermc_ecumenical_altar_mp_ritualfount,
          chequers_serial_rivers_small_3, lexackson_kobold_supper
D:2:      layout_loops_corners, lightli_corner_chamber, uniq_natasha,
          uniq_sigmund

Skill      XL: |  1 |
---------------+----+-----
Translocations | 2 |  2.4
Spellcasting   | 2 |  2.0
Hexes          | 2 |  2.0
Fighting       | |  1.9
Dodging        | |  2.6

Action                   || total
-------------------------++-------
Melee: Dagger            ||   187
       Punch             ||     1
  Use: Potion            ||     2
 Stab: Sleeping          ||     2
Armor: Robe              ||    33
Dodge: Dodged            ||    98
       Repelled          ||     2

Table legend: (Time is in decaauts)
 A = Elapsed time spent in this place.
 B = Non-inter-level travel time spent in this place.
 C = Inter-level travel time spent in this place.
 D = Time resting spent in this place.
 E = Time spent auto-exploring this place.
 F = Levels seen in this place.
 G = Mean time per level.
                   A        B        C        D        E       F      G
               +--------+--------+--------+--------+--------+-----+--------+
         Total |   2302 |   2278 |     24 |      0 |   1936 |   2 | 1151.0 |
       Dungeon |   2302 |   2278 |     24 |      0 |   1936 |   2 | 1151.0 |
               +--------+--------+--------+--------+--------+-----+--------+

Top non-repeatable levels by time:
     D:1: 1975 daAuts
     D:2: 327 daAuts
